 Dungeon Crawl Stone Soup version 0.31-a0-174-g85c54bcb58 (webtiles) character file.

Game seed: 14114235029127208420

78 qw the Chopper (level 4, -3/28 HPs)
             Began as a Gargoyle Fighter on June 15, 2023.
             Slain by a cerulean imp
             ... wielding a +2 spear
             ... summoned by Natasha
              (6 damage)
             ... on level 2 of the Dungeon.
             The game lasted 00:00:39 (1399 turns).

qw the Chopper (Gargoyle Fighter)                   Turns: 1399, Time: 00:00:40

Health: -3/28      AC: 10    Str: 19 (21) XL:     4   Next: 36%
Magic:  4/4        EV:  9    Int:  9      God:
Gold:   67         SH:  4    Dex:  8 (9)  Spells: 3/3 levels left

rFire   . . .        Y - +0 war axe
rCold   . . .        c - +0 buckler
rNeg    + . .        b - +0 scale mail
rPois   inf          (no helmet)
rElec   +            (no cloak)
rCorr   .            (no gloves)
SInv    .            (no boots)
Will    .....        (no amulet) Stlth
                     (no ring)
HPRegen 0.24/turn    (no ring)
MPRegen 0.09/turn

%: no passive effects
@: no status effects
A: sickness immunity, AC +3, negative energy resistance 1, electricity
resistance, torment resistance 1, petrification resistance
a: no special abilities


You were on level 2 of the Dungeon.
You visited 1 branch of the dungeon, and saw 2 of its levels.

You collected 67 gold pieces.


Innate Abilities, Weirdness & Mutations

You are immune to sickness and miasma.
Your stone body is resilient. (AC +3)
You are immune to poison.
You resist negative energy. (rN+)
You are resistant to electric shocks. (rElec)
You are resistant to unholy torment.
You are immune to petrification.


   Skills:
 - Level 3.2 Fighting
 + Level 4.1 Axes
 - Level 3.2 Armour
 - Level 3.2 Shields


You had 3 spell levels left.
You didn't know any spells.
Your spell library was empty.

Inventory:

Hand Weapons
 i - a +0 flail
 Y - a +0 war axe (weapon)
Armour
 b - a +0 scale mail (worn)
 c - a +0 buckler (worn)
Scrolls
 a - 2 scrolls of identify {unknown}
 g - 2 scrolls of amnesia {unknown}
Potions
 d - 2 potions of might
 e - 2 potions of curing {unknown}
 f - a potion of cancellation {unknown}
 h - a potion of mutation {unknown}
 j - a potion of heal wounds {unknown}

Dungeon Overview and Level Annotations

Branches:
Dungeon (2/15)

Altars:
Qazlal

Annotations:
D:2 Natasha


Message History

Natasha casts a spell.
You closely miss the cerulean imp. You barely miss Natasha.
Natasha growls.
Natasha casts a spell at you. You resist with some effort.
The cerulean imp barely misses you.
The cerulean imp hits you with a +2 spear.
Natasha claws you but does no damage.
You slash the cerulean imp!
The cerulean imp is severely wounded.
You closely miss Natasha.
The cerulean imp hits you from afar with a +2 spear.
The cerulean imp hits you but does no damage.
Natasha claws you but does no damage. You block the cerulean imp's attack.
You slash the cerulean imp!
You kill the cerulean imp!
The cerulean imp disappears in a puff of smoke!
You closely miss Natasha. Natasha barely misses you.
The cerulean imp hits you but does no damage.
You block Natasha's attack.
You barely miss Natasha.
The cerulean imp hits you but does no damage.
Natasha zaps a wand.
The puff of flame hits you but does no damage.
The cerulean imp hits you from afar with a +2 spear.
You barely miss Natasha. Natasha claws you.
The cerulean imp hits you from afar with a +2 spear.
You barely miss Natasha.
Natasha hisses.
Natasha casts a spell at you.
The magic dart hits you but does no damage.
The cerulean imp barely misses you.
Natasha casts a spell.
You hit Natasha.
Natasha is moderately wounded.
The cerulean imp hits you from afar with a +2 spear.
Natasha claws you! The cerulean imp closely misses you.
The cerulean imp hits you from afar with a +2 spear.
You die...

#.# #.# #.####.#
#......# #.###### #.#
#.# # #.#########
#####5########..........
#....5h@.....<..######..
#.############.#######.#
#.......... #..........
##########. #. #. ##


You could see Natasha and 2 cerulean imps.

Vanquished Creatures
  Natasha (D:2)
  Terence (D:2)
  A dart slug (D:2)
  A ball python (D:1)
  3 endoplasms (D:1)
  3 giant cockroaches
  2 goblins (D:1)
  A hobgoblin (D:2)
  A kobold (D:1)
  5 quokkas (D:1)
  2 bats (D:1)
  3 frilled lizards
  2 rats (D:1)
26 creatures vanquished.

Notes
Turn   | Place    | Note
-------+----------+-------------------------------------------
     0 | D:1      | qw the Gargoyle Fighter began the quest for the Orb.
     0 | D:1      | Reached XP level 1. HP: 14/14 MP: 1/1
     0 | D:1      | 0 ||| qw: Version: 0.2-a-29-g511e9b1
     0 | D:1      | 0 ||| qw: Game counter: 5629
     0 | D:1      | 0 ||| qw: Always use a shield: true
     0 | D:1      | 0 ||| qw: God list: Okawaru
     0 | D:1      | 0 ||| qw: Allow faded altars: false
     0 | D:1      | 0 ||| qw: Do Orc after D:15 true
     0 | D:1      | 0 ||| qw: Do second Lair branch before Depths: true
     0 | D:1      | 0 ||| qw: Lair rune preference: random
     0 | D:1      | 0 ||| qw: Plans: Normal, Zot:1-4, Slime:5, God:TSO, Crypt,
                  | Tomb, Abyss, Pan, Hells, Win
     0 | D:1      | 0 ||| PLANNING D:1-11
   171 | D:1      | Reached skill level 2 in Axes
   197 | D:1      | 197 ||| Stepping ~*~*~tactically~*~*~ (stealth).
   201 | D:1      | 201 ||| Stepping ~*~*~tactically~*~*~ (stealth).
   209 | D:1      | Reached XP level 2. HP: 14/19 MP: 2/2
   237 | D:1      | 237 ||| FLEEEEING.
   238 | D:1      | 238 ||| FLEEEEING.
   239 | D:1      | 239 ||| FLEEEEING.
   240 | D:1      | 240 ||| FLEEEEING.
   256 | D:1      | 256 ||| DROPPING +0 club.
   701 | D:1      | Reached skill level 3 in Axes
   853 | D:1      | 853 ||| READING scroll labelled UGGUAT OTSAPT.
   854 | D:1      | 854 ||| READING scroll labelled ARUTOQ ERYLI.
   855 | D:1      | 855 ||| READING scroll labelled EDAMEGGA HUPPI.
   856 | D:1      | 856 ||| DRINKING 2 fuming grey potions.
   857 | D:1      | 857 ||| DROPPING potion of degeneration.
   897 | D:2      | Reached XP level 3. HP: 21/23 MP: 3/3
   938 | D:2      | Found a stormy altar of Qazlal.
   941 | D:2      | Noticed Terence
   948 | D:2      | Killed Terence
  1006 | D:2      | 1006 ||| DROPPING +2 whip of venom.
  1065 | D:2      | Noticed Natasha
  1066 | D:2      | 1066 ||| Stepping ~*~*~tactically~*~*~ (hiding).
  1074 | D:2      | Killed Natasha
  1075 | D:2      | Reached skill level 4 in Axes
  1075 | D:2      | Reached XP level 4. HP: 23/28 MP: 4/4
  1139 | D:2      | 1139 ||| Stepping ~*~*~tactically~*~*~ (hiding).
  1140 | D:2      | 1140 ||| Stepping ~*~*~tactically~*~*~ (hiding).
  1388 | D:2      | Noticed Natasha
  1399 | D:2      | HP: 3/28 [Natasha (8)]
  1399 | D:2      | Slain by a cerulean imp

Levels and vault maps discovered:
D:1:      dpeg_arrival_round_b, layout_loops_ring
D:2:      layout_loops_ring, basic_altar, chequers_serial_rivers_small_a,
          lightli_corner_chamber, uniq_natasha, uniq_terence

Skill      XL: |  1  2  3 |
---------------+----------+-----
Axes           | 2 3 4 |  4.1
Fighting       | |  3.2
Armour         | |  3.2
Shields        | |  3.2

Action                     |  1- 3 |  4- 6 || total
---------------------------+-------+-------++-------
  Melee: War axe           |    92 |    12 ||   104
    Use: Scroll            |     3 |       ||     3
         Potion            |     1 |       ||     1
 Armour: Scale mail        |    40 |     8 ||    48
  Dodge: Dodged            |    39 |     4 ||    43
  Block: Buckler           |    18 |     3 ||    21

Table legend:
 A = Non-vault XP
 B = Vault XP
 C = Vault XP percentage of total XP
 D = Non-vault monster count
 E = Vault monster count
 F = Vault count percentage of total count
                 A         B        C        D         E       F
            +---------+---------+-------+---------+---------+-------
      Total |      44 |      68 |  60.7 |      24 |       2 |   7.7
            +---------+---------+-------+---------+---------+-------
        D:1 |      33 |       0 |   0.0 |      19 |       0 |   0.0
        D:2 |      11 |      68 |  86.1 |       5 |       2 |  28.6
            +---------+---------+-------+---------+---------+-------
